San Jose Sharks vs Hartford Whalers
Created - Thursday, April 3, 2025 at 10:42
Goals
|
| San Jose Sharks |
2 |
1 |
0 |
3 |
| Hartford Whalers |
0 |
3 |
5 |
8 |
|
Shots
|
| San Jose Sharks |
16 |
7 |
3 |
26 |
| Hartford Whalers |
6 |
13 |
22 |
41 |
|
1st period
1. San Jose Sharks , Kevin Fiala 14 (Yegor Sharangovich 22) at 5:33
2. San Jose Sharks , Kevin Fiala 15 (Yegor Sharangovich 23, Ryan Johansen 13) at 9:03 (PP)
Penalties :
Tom Wilson (HFD) for Fighting (Major) at 7:54, Adam Henrique (SJS) for Fighting (Major) at 7:54, Josh Anderson (HFD) for Hooking (Minor) at 8:54, Kevin Fiala (SJS) for Holding Stick (Minor) at 15:17
2nd period
3. San Jose Sharks , Ryan Johansen 5 (Jonathan Drouin 20, Sean Durzi 13) at 4:38 (PP)
4. Hartford Whalers , Kaiden Guhle 1 (Morgan Frost 8, Jaden Schwartz 9) at 16:35
5. Hartford Whalers , Tom Wilson 12 (Pierre-Luc Dubois 12, Nick Suzuki 30) at 16:43
6. Hartford Whalers , Matt Duchene 15 (Nick Suzuki 31, Anthony Cirelli 12) at 18:05 (PP)
Penalties :
Tom Wilson (HFD) for Boarding (Minor) at 4:04, Kevin Fiala (SJS) for Tripping (Minor) at 8:43, Tom Wilson (HFD) for High sticking (Minor) at 12:04, Sean Durzi (SJS) for Interference (Minor) at 12:20, Eeli Tolvanen (SJS) for Roughing (Minor) at 16:48
3rd period
7. Hartford Whalers , Pierre-Luc Dubois 12 (Tom Wilson 15, Nick Suzuki 32) at 2:26
8. Hartford Whalers , Devon Toews 6 (Nick Suzuki 33, Matt Duchene 20) at 6:47 (PP)
9. Hartford Whalers , Ryan O'Reilly 15 (Matt Duchene 21) at 7:22
10. Hartford Whalers , Nick Suzuki 14 (Matt Duchene 22, Anthony Cirelli 13) at 19:23 (PP)
11. Hartford Whalers , Joshua Norris 13 (Josh Anderson 3) at 19:29
Penalties :
Brandon Tanev (SJS) for Tripping (Minor) at 2:57, Max Domi (SJS) for Holding (Minor) at 5:47, Pierre-Luc Dubois (HFD) for Slashing (Minor) at 7:58, Kevin Fiala (SJS) for High sticking (Minor) at 17:30
Goalie Stats
Stuart Skinner (SJS), 33 saves from 41 shots - (0.805), L, 21-10-2, 60:00 minutes
John Gibson (HFD), 23 saves from 26 shots - (0.885), W, 18-16-3, 60:00 minutes
Players Stats for San Jose Sharks
Player Name G A P +/- PIM S H SB GA TA FO MP PP MP PK MP
------------------------------------------------------------------------------------
Adam Henrique 0 0 0 -1 5 1 1 0 1 0 8/19 18:51 1:23 4:55
Alec Martinez 0 0 0 -2 0 0 0 1 0 0 0/0 12:15 0:00 0:00
Brandon Tanev 0 0 0 -1 2 1 3 0 0 0 0/0 11:15 0:22 0:00
Calle Jarnkrok 0 0 0 0 0 0 0 0 0 0 0/0 7:35 0:00 0:00
Christopher Tanev 0 0 0 -1 0 2 0 2 0 0 0/0 26:30 1:17 4:58
Connor Murphy 0 0 0 -1 0 0 3 2 0 2 0/0 21:59 1:41 5:25
Dmitry Orlov 0 0 0 -2 0 0 2 1 0 1 0/0 11:33 0:00 0:08
Eeli Tolvanen 0 0 0 -2 2 2 3 1 0 0 8/19 14:28 0:42 0:00
Jonathan Drouin 0 1 1 -2 0 4 0 0 1 1 0/2 20:28 1:26 4:57
Kevin Fiala 2 0 2 -1 6 7 1 0 4 0 1/1 17:24 1:10 1:59
Marcus Pettersson 0 0 0 -1 0 1 1 2 0 2 0/0 26:30 1:17 4:58
Matthew Knies 0 0 0 -2 0 1 6 1 0 1 0/2 14:55 1:26 0:31
Max Domi 0 0 0 -1 2 0 0 1 0 0 8/12 16:10 0:00 4:01
Noel Acciari 0 0 0 0 0 0 2 0 0 0 2/4 7:35 0:00 0:00
Ryan Johansen 1 1 2 0 0 2 0 0 0 0 9/14 8:59 0:43 0:49
Sean Durzi 0 1 1 -1 2 0 1 2 0 0 0/0 21:19 1:40 5:17
T.J. Oshie 0 0 0 -1 0 2 2 1 1 0 1/1 11:14 0:22 0:00
Yegor Sharangovich 0 2 2 -1 0 3 1 1 1 0 1/2 18:46 1:20 3:34
Players Stats for Hartford Whalers
Player Name G A P +/- PIM S H SB GA TA FO MP PP MP PK MP
------------------------------------------------------------------------------------
Anthony Cirelli 0 2 2 1 0 1 2 0 0 0 0/0 16:46 5:01 1:39
Charlie McAvoy 0 0 0 2 0 3 1 1 1 2 0/0 27:21 5:09 1:21
Devon Toews 1 0 1 3 0 2 1 0 1 1 0/0 21:30 5:14 1:37
Jaden Schwartz 0 1 1 1 0 0 0 0 1 0 1/1 8:47 0:00 0:00
Josh Anderson 0 1 1 1 2 0 0 0 0 0 0/1 10:50 0:00 0:00
Joshua Norris 1 0 1 1 0 3 0 0 1 1 8/15 12:01 0:00 1:19
Kaiden Guhle 1 0 1 -1 0 2 0 0 0 0 0/0 11:09 0:00 0:00
Matt Duchene 1 3 4 1 0 5 2 0 1 1 0/1 18:49 4:58 0:00
Miles Wood 0 0 0 1 0 0 1 0 0 0 0/0 10:06 0:00 1:19
Morgan Frost 0 1 1 1 0 1 0 0 0 0 1/2 8:47 0:00 0:00
Nick Suzuki 1 4 5 1 0 9 3 0 0 0 16/26 18:50 5:01 0:00
Pierre-Luc Dubois 1 1 2 1 2 2 2 0 0 0 0/0 13:58 0:00 0:00
Rickard Rakell 0 0 0 1 0 3 1 1 0 0 1/2 18:22 5:22 0:00
Ryan O'Reilly 1 0 1 1 0 3 0 0 1 0 11/26 20:54 5:22 1:39
Ryan Suter 0 0 0 -1 0 0 1 1 0 1 0/0 11:09 0:00 0:00
Samuel Girard 0 0 0 3 0 0 1 0 1 1 0/0 21:30 5:14 1:37
Seth Jones 0 0 0 2 0 5 1 4 0 1 0/0 27:21 5:09 1:21
Tom Wilson 1 1 2 1 9 2 3 0 0 0 0/2 17:04 5:25 0:00
3 Stars
1 - Nick Suzuki (HFD)
2 - Matt Duchene (HFD)
3 - Devon Toews (HFD)
Power Play
San Jose Sharks - 2 on 4 Attempt(s) - 50.00%
Hartford Whalers - 3 on 7 Attempt(s) - 42.86%
Penalty Kill
San Jose Sharks - 4 on 7 Attempt(s) - 57.14%
- Score 0 goal in Penalty Kill
Hartford Whalers - 2 on 4 Attempt(s) - 50.00%
- Score 0 goal in Penalty Kill
Team Stat
San Jose Sharks - Hits : 26 - Faceoff Wins : 38 - Blocked Shots : 15 - Penalty Minutes : 19
Hartford Whalers - Hits : 19 - Faceoff Wins : 38 - Blocked Shots : 7 - Penalty Minutes : 13
Official
Referees : Furman South and Justin Kea
Linesman : Trent Knorr and Brad Kovachik
Game Notes
Adam Henrique beats up Tom Wilson at 7:54 of 1st period
Ryan Johansen is injured at 8:45 of 2nd period (Left Leg)
Finance
Level 1 -- Attendance: 6533 (65.33%) -- Ticket Income $555,305
Level 2 -- Attendance: 4344 (86.88%) -- Ticket Income $238,920
Level 3 -- Attendance: 3000 (100.00%) -- Ticket Income $90,000
Level 4 -- Attendance: 5000 (100.00%) -- Ticket Income $100,000
Luxury Box -- Attendance: 1000 (100.00%) -- Ticket Income $190,000
Game was played at the Hartford Civic Center.
Total Attendance: 19877 (82.82%)
Total Ticket Income: $1,174,225
Other Income: $410,979
Total Income: $1,585,204
San Jose Sharks
5 vs 5 Forward
Center Left Wing Right Wing Time % Phy DF OF
1 Adam Henrique Kevin Fiala Yegor Sharangovich 30 1 2 2
2 Ryan Johansen Matthew Knies Jonathan Drouin 30 1 2 2
3 Max Domi Brandon Tanev T.J. Oshie 25 1 2 2
4 Noel Acciari Eeli Tolvanen Calle Jarnkrok 15 1 2 2
5 vs 5 Defense
Defense Defense Time % Phy DF OF
1 Marcus Pettersson Christopher Tanev 30 1 2 2
2 Sean Durzi Connor Murphy 30 1 2 2
3 Alec Martinez Dmitry Orlov 25 1 2 2
4 Marcus Pettersson Christopher Tanev 15 1 2 2
PowerPlay Forward
Center Left Wing Right Wing Time % Phy DF OF
1 Adam Henrique Kevin Fiala Yegor Sharangovich 50 1 2 2
2 Ryan Johansen Matthew Knies Jonathan Drouin 50 1 2 2
PowerPlay Defense
Defense Defense Time % Phy DF OF
1 Marcus Pettersson Christopher Tanev 50 1 2 2
2 Sean Durzi Connor Murphy 50 1 2 2
Penalty Kill 4 Players Forward
Center Wing Time % Phy DF OF
1 Adam Henrique Kevin Fiala 50 1 2 2
2 Ryan Johansen Jonathan Drouin 50 1 2 2
Penalty Kill 4 Players Defense
Defense Defense Time % Phy DF OF
1 Marcus Pettersson Christopher Tanev 50 1 2 2
2 Sean Durzi Connor Murphy 50 1 2 2
Penalty Kill - 3 Players Forward
Forward Time % Phy DF OF
1 Adam Henrique 50 1 2 2
2 Noel Acciari 50 1 2 2
Penalty Kill - 3 Players Defense
Defense Defense Time % Phy DF OF
1 Marcus Pettersson Christopher Tanev 50 1 2 2
2 Sean Durzi Connor Murphy 50 1 2 2
4 vs 4 Forward
Center Wing Time % Phy DF OF
1 Adam Henrique Kevin Fiala 50 1 2 2
2 Ryan Johansen Jonathan Drouin 50 1 2 2
4 vs 4 Defense
Defense Defense Time % Phy DF OF
1 Marcus Pettersson Christopher Tanev 50 1 2 2
2 Sean Durzi Connor Murphy 50 1 2 2
Last Minutes Offensive
Center Left Wing Right Wing Defense Defense
Adam Henrique Kevin Fiala Yegor Sharangovich Marcus Pettersson Christopher Tanev
Last Minutes Defensive
Center Left Wing Right Wing Defense Defense
Adam Henrique Kevin Fiala Yegor Sharangovich Marcus Pettersson Christopher Tanev
Goaltenders
Starting : Stuart Skinner
Backup : Tristan Jarry
Extra Forwards
Normal : Ryan Johansen, Eeli Tolvanen, Max Domi - PP : Ryan Johansen, Eeli Tolvanen - PK : Max Domi
Extra Defensemen
Normal : Alec Martinez, Dmitry Orlov, Sean Durzi - PP : Alec Martinez - PK : Dmitry Orlov, Sean Durzi
Penalty Shots
Adam Henrique, Kevin Fiala, Yegor Sharangovich, Jonathan Drouin, T.J. Oshie
Scratches
Ilya Mikheyev (Healthy), Kasperi Kapanen (Healthy), Nick Perbix (Healthy), Clay Stevenson (Healthy)
Hartford Whalers
5 vs 5 Forward
Center Left Wing Right Wing Time % Phy DF OF
1 Ryan O'Reilly Rickard Rakell Matt Duchene 30 1 2 2
2 Nick Suzuki Pierre-Luc Dubois Tom Wilson 30 1 2 2
3 Joshua Norris Anthony Cirelli Josh Anderson 25 1 2 2
4 Morgan Frost Jaden Schwartz Miles Wood 15 1 2 2
5 vs 5 Defense
Defense Defense Time % Phy DF OF
1 Seth Jones Charlie McAvoy 30 1 2 2
2 Devon Toews Samuel Girard 30 1 2 2
3 Ryan Suter Kaiden Guhle 25 1 2 2
4 Seth Jones Charlie McAvoy 15 1 2 2
PowerPlay Forward
Center Left Wing Right Wing Time % Phy DF OF
1 Nick Suzuki Anthony Cirelli Matt Duchene 50 1 1 3
2 Ryan O'Reilly Rickard Rakell Tom Wilson 50 1 1 3
PowerPlay Defense
Defense Defense Time % Phy DF OF
1 Seth Jones Charlie McAvoy 50 1 1 3
2 Devon Toews Samuel Girard 50 1 1 3
Penalty Kill 4 Players Forward
Center Wing Time % Phy DF OF
1 Ryan O'Reilly Anthony Cirelli 50 1 3 1
2 Joshua Norris Miles Wood 50 1 3 1
Penalty Kill 4 Players Defense
Defense Defense Time % Phy DF OF
1 Seth Jones Charlie McAvoy 50 1 3 1
2 Devon Toews Samuel Girard 50 1 3 1
Penalty Kill - 3 Players Forward
Forward Time % Phy DF OF
1 Ryan O'Reilly 50 2 3 0
2 Joshua Norris 50 2 3 0
Penalty Kill - 3 Players Defense
Defense Defense Time % Phy DF OF
1 Seth Jones Charlie McAvoy 50 2 3 0
2 Devon Toews Kaiden Guhle 50 2 3 0
4 vs 4 Forward
Center Wing Time % Phy DF OF
1 Ryan O'Reilly Matt Duchene 50 1 1 3
2 Nick Suzuki Anthony Cirelli 50 1 2 2
4 vs 4 Defense
Defense Defense Time % Phy DF OF
1 Seth Jones Charlie McAvoy 50 1 2 2
2 Devon Toews Samuel Girard 50 1 2 2
Last Minutes Offensive
Center Left Wing Right Wing Defense Defense
Nick Suzuki Rickard Rakell Matt Duchene Seth Jones Charlie McAvoy
Last Minutes Defensive
Center Left Wing Right Wing Defense Defense
Ryan O'Reilly Anthony Cirelli Tom Wilson Kaiden Guhle Charlie McAvoy
Goaltenders
Starting : John Gibson
Backup : Spencer Knight
Extra Forwards
Normal : Nick Suzuki, Joshua Norris, Pierre-Luc Dubois - PP : Matt Duchene, Joshua Norris - PK : Anthony Cirelli
Extra Defensemen
Normal : Kaiden Guhle, Seth Jones, Devon Toews - PP : Ryan Suter - PK : Charlie McAvoy, Devon Toews
Penalty Shots
Nick Suzuki, Rickard Rakell, Pierre-Luc Dubois, Ryan O'Reilly, Matt Duchene
Scratches
Kaapo Kakko (Healthy), Danila Klimovich (Healthy)
% Time on Ice - San Jose Sharks
Lines # - Real PCT - Wanted PCT - Time Play
Normal Forward
1 - 29% - 30% - 13:11
2 - 30% - 30% - 13:18
3 - 24% - 25% - 10:52
4 - 17% - 15% - 7:35
Normal Defense
1 - 31% - 30% - 13:55
2 - 32% - 30% - 14:22
3 - 25% - 25% - 11:18
4 - 12% - 15% - 5:21
PP Forward
1 - 39% - 50% - 1:10
2 - 61% - 50% - 1:48
PP Defense
1 - 43% - 50% - 1:17
2 - 57% - 50% - 1:41
PK Forward
1 - 50% - 50% - 5:09
2 - 50% - 50% - 5:14
PK Defense
1 - 48% - 50% - 4:58
2 - 52% - 50% - 5:25
PK3 Forward
1 - 0% - 50%
2 - 0% - 50%
PK3 Defense
1 - 0% - 50%
2 - 0% - 50%
44 Forward
1 - 45% - 50% - 0:46
2 - 55% - 50% - 0:57
44 Defense
1 - 57% - 50% - 0:59
2 - 43% - 50% - 0:44
Last Minute Offensive - 0:00
Last Minute Defensive - 0:00
Total
Forward - 60:00
Defense - 60:00
|
% Time on Ice - Hartford Whalers
Lines # - Real PCT - Wanted PCT - Time Play
Normal Forward
1 - 29% - 30% - 13:04
2 - 29% - 30% - 12:55
3 - 23% - 25% - 10:10
4 - 20% - 15% - 8:47
Normal Defense
1 - 31% - 30% - 14:00
2 - 31% - 30% - 13:50
3 - 25% - 25% - 11:09
4 - 13% - 15% - 5:57
PP Forward
1 - 48% - 50% - 4:58
2 - 52% - 50% - 5:25
PP Defense
1 - 50% - 50% - 5:09
2 - 50% - 50% - 5:14
PK Forward
1 - 56% - 50% - 1:39
2 - 44% - 50% - 1:19
PK Defense
1 - 46% - 50% - 1:21
2 - 54% - 50% - 1:37
PK3 Forward
1 - 0% - 50%
2 - 0% - 50%
PK3 Defense
1 - 0% - 50%
2 - 0% - 50%
44 Forward
1 - 49% - 50% - 0:50
2 - 51% - 50% - 0:53
44 Defense
1 - 52% - 50% - 0:54
2 - 48% - 50% - 0:49
Last Minute Offensive - 0:00
Last Minute Defensive - 0:00
Total
Forward - 60:00
Defense - 60:00
|
Play-by-Play
1st period
0:01 of 1st period - Rickard Rakell wins face-off versus Yegor Sharangovich in neutral zone.
0:08 of 1st period - Wrist shot by Ryan O'Reilly.
0:08 of 1st period - Stopped by Stuart Skinner with a rebound.
0:14 of 1st period - Wrist shot by Adam Henrique.
0:14 of 1st period - Deflect By Kevin Fiala.
0:14 of 1st period - Shot Blocked by Seth Jones.
0:14 of 1st period - Puck is out of play.
0:15 of 1st period - Ryan Johansen wins face-off versus Tom Wilson in Hartford Whalers zone.
0:30 of 1st period - Tom Wilson is hit by Matthew Knies and loses puck.
1:27 of 1st period - Slapshot by Jonathan Drouin.
1:27 of 1st period - Shot Misses the Net.
2:15 of 1st period - Snap shot by T.J. Oshie.
2:15 of 1st period - Stopped by John Gibson without a rebound.
2:16 of 1st period - Ryan Johansen wins face-off versus Ryan O'Reilly in Hartford Whalers zone.
3:51 of 1st period - Snap shot by Joshua Norris.
3:51 of 1st period - Shot Misses the Net.
3:53 of 1st period - Slapshot by Charlie McAvoy.
3:53 of 1st period - Stopped by Stuart Skinner without a rebound.
3:54 of 1st period - Adam Henrique wins face-off versus Nick Suzuki in San Jose Sharks zone.
3:59 of 1st period - Wrist shot by Nick Suzuki.
3:59 of 1st period - Shot Blocked by Marcus Pettersson.
4:02 of 1st period - Icing by Christopher Tanev.
4:03 of 1st period - Adam Henrique wins face-off versus Nick Suzuki in San Jose Sharks zone.
4:20 of 1st period - Wrist shot by Yegor Sharangovich.
4:20 of 1st period - Stopped by John Gibson with a rebound.
4:22 of 1st period - Slapshot by Marcus Pettersson.
4:22 of 1st period - Deflect By Yegor Sharangovich.
4:22 of 1st period - Stopped by John Gibson without a rebound.
4:23 of 1st period - Max Domi wins face-off versus Josh Anderson in Hartford Whalers zone.
5:31 of 1st period - Snap shot by Yegor Sharangovich.
5:31 of 1st period - Deflect By Nick Suzuki.
5:31 of 1st period - Stopped by John Gibson with a rebound.
5:33 of 1st period - Slapshot by Kevin Fiala.
5:33 of 1st period - Goal by Kevin Fiala - San Jose Sharks : 1 - Hartford Whalers : 0.
5:34 of 1st period - Joshua Norris wins face-off versus Max Domi in neutral zone.
5:45 of 1st period - Wrist shot by Anthony Cirelli.
5:45 of 1st period - Shot Misses the Net.
5:47 of 1st period - Snap shot by Joshua Norris.
5:47 of 1st period - Stopped by Stuart Skinner without a rebound.
5:48 of 1st period - Ryan O'Reilly wins face-off versus Ryan Johansen in San Jose Sharks zone.
5:51 of 1st period - Wrist shot by Ryan O'Reilly.
5:51 of 1st period - Shot Blocked by Christopher Tanev.
5:59 of 1st period - Snap shot by Matthew Knies.
5:59 of 1st period - Shot Blocked by Charlie McAvoy.
6:01 of 1st period - Wrist shot by Jonathan Drouin.
6:01 of 1st period - Shot Misses the Net.
6:03 of 1st period - Snap shot by Christopher Tanev.
6:03 of 1st period - Shot Misses the Net.
6:10 of 1st period - Icing by Seth Jones.
6:11 of 1st period - Ryan O'Reilly wins face-off versus Adam Henrique in Hartford Whalers zone.
6:11 of 1st period - Ryan O'Reilly is hit by Adam Henrique.
7:37 of 1st period - Off-side.
7:38 of 1st period - Adam Henrique wins face-off versus Nick Suzuki in neutral zone.
7:54 of 1st period - Adam Henrique beats up Tom Wilson.
7:54 of 1st period - Penalty to Tom Wilson for Fighting.
7:54 of 1st period - Penalty to Adam Henrique for Fighting.
7:55 of 1st period - Max Domi wins face-off versus Ryan O'Reilly in Hartford Whalers zone.
7:56 of 1st period - Snap shot by Brandon Tanev.
7:56 of 1st period - Shot Misses the Net.
8:22 of 1st period - Christopher Tanev is hit by Charlie McAvoy and loses puck.
8:54 of 1st period - Minor Penalty to Josh Anderson for Hooking.
8:55 of 1st period - Ryan Johansen wins face-off versus Ryan O'Reilly in Hartford Whalers zone.
9:03 of 1st period - Snap shot by Kevin Fiala.
9:03 of 1st period - Goal by Kevin Fiala - San Jose Sharks : 2 - Hartford Whalers : 0.
9:04 of 1st period - Ryan Johansen wins face-off versus Ryan O'Reilly in neutral zone.
9:15 of 1st period - Wrist shot by Jonathan Drouin.
9:15 of 1st period - Stopped by John Gibson without a rebound.
9:16 of 1st period - Ryan O'Reilly wins face-off versus Noel Acciari in Hartford Whalers zone.
9:38 of 1st period - Icing by Matt Duchene.
9:39 of 1st period - Max Domi wins face-off versus Ryan O'Reilly in Hartford Whalers zone.
10:10 of 1st period - Wrist shot by Ryan Johansen.
10:10 of 1st period - Stopped by John Gibson without a rebound.
10:11 of 1st period - Ryan Johansen wins face-off versus Joshua Norris in Hartford Whalers zone.
10:18 of 1st period - Snap shot by Kevin Fiala.
10:18 of 1st period - Stopped by John Gibson without a rebound.
10:19 of 1st period - Ryan Johansen wins face-off versus Joshua Norris in Hartford Whalers zone.
11:16 of 1st period - Snap shot by Ryan O'Reilly.
11:16 of 1st period - Shot Misses the Net.
11:36 of 1st period - Slapshot by Jonathan Drouin.
11:36 of 1st period - Stopped by John Gibson with a rebound.
11:38 of 1st period - Snap shot by Jonathan Drouin.
11:38 of 1st period - Stopped by John Gibson without a rebound.
11:39 of 1st period - Ryan Johansen wins face-off versus Nick Suzuki in Hartford Whalers zone.
12:08 of 1st period - Off-side.
12:09 of 1st period - Max Domi wins face-off versus Matt Duchene in neutral zone.
12:45 of 1st period - Wrist shot by Rickard Rakell.
12:45 of 1st period - Stopped by Stuart Skinner with a rebound.
12:47 of 1st period - Snap shot by Ryan O'Reilly.
12:47 of 1st period - Stopped by Stuart Skinner without a rebound.
12:48 of 1st period - Joshua Norris wins face-off versus Noel Acciari in San Jose Sharks zone.
13:15 of 1st period - Nick Suzuki is hit by Matthew Knies and loses puck.
13:22 of 1st period - Wrist shot by Jonathan Drouin.
13:22 of 1st period - Stopped by John Gibson with a rebound.
13:24 of 1st period - Slapshot by Sean Durzi.
13:24 of 1st period - Shot Misses the Net.
14:39 of 1st period - Nick Suzuki is hit by Matthew Knies and loses puck.
15:00 of 1st period - Kevin Fiala is hit by Ryan Suter and loses puck.
15:11 of 1st period - Slapshot by Morgan Frost.
15:11 of 1st period - Shot Blocked by Yegor Sharangovich.
15:17 of 1st period - Minor Penalty to Kevin Fiala for Holding Stick.
15:18 of 1st period - Nick Suzuki wins face-off versus Adam Henrique in San Jose Sharks zone.
15:27 of 1st period - Wrist shot by Anthony Cirelli.
15:27 of 1st period - Shot Misses the Net.
16:05 of 1st period - Snap shot by Adam Henrique.
16:05 of 1st period - Stopped by John Gibson with a rebound.
17:17 of 1st period - Penalty to Kevin Fiala is over, Kevin Fiala is back on ice.
18:13 of 1st period - Josh Anderson is hit by Connor Murphy and loses puck.
18:30 of 1st period - Marcus Pettersson is hit by Miles Wood.
18:46 of 1st period - Snap shot by Matt Duchene.
18:46 of 1st period - Shot Misses the Net.
18:56 of 1st period - Slapshot by Brandon Tanev.
18:56 of 1st period - Stopped by John Gibson with a rebound.
18:58 of 1st period - Slapshot by Marcus Pettersson.
18:58 of 1st period - Stopped by John Gibson without a rebound.
18:59 of 1st period - Jaden Schwartz wins face-off versus Ryan Johansen in Hartford Whalers zone.
19:14 of 1st period - Snap shot by Jonathan Drouin.
19:14 of 1st period - Shot Misses the Net.
19:31 of 1st period - Wrist shot by T.J. Oshie.
19:31 of 1st period - Deflect By Max Domi.
19:31 of 1st period - Shot Blocked by Seth Jones.
19:31 of 1st period - Puck is out of play.
19:32 of 1st period - Nick Suzuki wins face-off versus Ryan Johansen in Hartford Whalers zone.
19:43 of 1st period - Slapshot by Nick Suzuki.
19:43 of 1st period - Shot Hit the Post.
19:45 of 1st period - Snap shot by Nick Suzuki.
19:45 of 1st period - Stopped by Stuart Skinner with a rebound.
19:47 of 1st period - Wrist shot by Nick Suzuki.
19:47 of 1st period - Deflect By Tom Wilson.
19:47 of 1st period - Shot Misses the Net.
19:47 of 1st period - Puck is out of play.
19:48 of 1st period - Adam Henrique wins face-off versus Joshua Norris in San Jose Sharks zone.
19:53 of 1st period - Slapshot by Kevin Fiala.
19:53 of 1st period - Stopped by John Gibson with a rebound.
Goals for this period are 2 for San Jose Sharks vs 0 for Hartford Whalers.
Shots for this period are 16 for San Jose Sharks vs 6 for Hartford Whalers.
2nd period
0:01 of 2nd period - Nick Suzuki wins face-off versus Jonathan Drouin in neutral zone.
0:06 of 2nd period - Snap shot by Nick Suzuki.
0:06 of 2nd period - Shot Misses the Net.
0:26 of 2nd period - Seth Jones is hit by T.J. Oshie and loses puck.
0:35 of 2nd period - Max Domi is hit by Pierre-Luc Dubois and loses puck.
0:48 of 2nd period - Wrist shot by Rickard Rakell.
0:48 of 2nd period - Stopped by Stuart Skinner with a rebound.
0:50 of 2nd period - Snap shot by Rickard Rakell.
0:50 of 2nd period - Deflect By Matt Duchene.
0:50 of 2nd period - Shot Blocked by Connor Murphy.
0:50 of 2nd period - Puck is out of play.
0:51 of 2nd period - Ryan O'Reilly wins face-off versus Adam Henrique in San Jose Sharks zone.
2:52 of 2nd period - Wrist shot by Adam Henrique.
2:52 of 2nd period - Shot Misses the Net.
2:54 of 2nd period - Snap shot by Kevin Fiala.
2:54 of 2nd period - Shot Blocked by Rickard Rakell.
2:56 of 2nd period - Slapshot by Kevin Fiala.
2:56 of 2nd period - Shot Misses the Net.
2:58 of 2nd period - Slapshot by Christopher Tanev.
2:58 of 2nd period - Stopped by John Gibson with a rebound.
3:46 of 2nd period - Snap shot by Kevin Fiala.
3:46 of 2nd period - Shot Misses the Net.
3:48 of 2nd period - Wrist shot by Kevin Fiala.
3:48 of 2nd period - Stopped by John Gibson with a rebound.
3:50 of 2nd period - Wrist shot by Kevin Fiala.
3:50 of 2nd period - Shot Misses the Net.
3:52 of 2nd period - Wrist shot by Kevin Fiala.
3:52 of 2nd period - Stopped by John Gibson without a rebound.
3:53 of 2nd period - Ryan Johansen wins face-off versus Tom Wilson in Hartford Whalers zone.
4:00 of 2nd period - Snap shot by Matthew Knies.
4:00 of 2nd period - Stopped by John Gibson without a rebound.
4:01 of 2nd period - Nick Suzuki wins face-off versus Ryan Johansen in Hartford Whalers zone.
4:01 of 2nd period - Nick Suzuki is hit by Dmitry Orlov.
4:04 of 2nd period - Minor Penalty to Tom Wilson for Boarding.
4:05 of 2nd period - Joshua Norris wins face-off versus Ryan Johansen in Hartford Whalers zone.
4:05 of 2nd period - Joshua Norris is hit by Connor Murphy.
4:38 of 2nd period - Snap shot by Ryan Johansen.
4:38 of 2nd period - Goal by Ryan Johansen - San Jose Sharks : 3 - Hartford Whalers : 0.
4:39 of 2nd period - Max Domi wins face-off versus Nick Suzuki in neutral zone.
5:04 of 2nd period - Tom Wilson is hit by Noel Acciari and loses puck.
5:36 of 2nd period - Matthew Knies is hit by Anthony Cirelli and loses puck.
8:21 of 2nd period - Snap shot by Nick Suzuki.
8:21 of 2nd period - Deflect By Tom Wilson.
8:21 of 2nd period - Shot Misses the Net.
8:21 of 2nd period - Puck is out of play.
8:22 of 2nd period - Nick Suzuki wins face-off versus Adam Henrique in San Jose Sharks zone.
8:35 of 2nd period - Ryan Suter is hit by Kevin Fiala and loses puck.
8:43 of 2nd period - Minor Penalty to Kevin Fiala for Tripping.
8:44 of 2nd period - Ryan Johansen wins face-off versus Rickard Rakell in San Jose Sharks zone.
8:44 of 2nd period - Ryan Johansen is hit by Rickard Rakell.
8:45 of 2nd period - Ryan Johansen from San Jose Sharks is injured at 8:45 of 2nd period (Left Leg).
8:46 of 2nd period - Max Domi wins face-off versus Ryan O'Reilly in San Jose Sharks zone.
9:11 of 2nd period - Rickard Rakell is hit by Connor Murphy and loses puck.
10:00 of 2nd period - Marcus Pettersson is hit by Tom Wilson and loses puck.
10:07 of 2nd period - Snap shot by Tom Wilson.
10:07 of 2nd period - Shot Misses the Net.
10:09 of 2nd period - Slapshot by Seth Jones.
10:09 of 2nd period - Stopped by Stuart Skinner without a rebound.
10:10 of 2nd period - Adam Henrique wins face-off versus Nick Suzuki in San Jose Sharks zone.
10:21 of 2nd period - Christopher Tanev is hit by Nick Suzuki and loses puck.
10:26 of 2nd period - Slapshot by Nick Suzuki.
10:26 of 2nd period - Shot Blocked by Marcus Pettersson.
10:43 of 2nd period - Penalty to Kevin Fiala is over, Kevin Fiala is back on ice.
11:34 of 2nd period - Icing by Joshua Norris.
11:35 of 2nd period - Noel Acciari wins face-off versus Joshua Norris in Hartford Whalers zone.
11:40 of 2nd period - Wrist shot by Eeli Tolvanen.
11:40 of 2nd period - Shot Misses the Net.
11:42 of 2nd period - Wrist shot by Calle Jarnkrok.
11:42 of 2nd period - Deflect By Eeli Tolvanen.
11:42 of 2nd period - Stopped by John Gibson without a rebound.
11:43 of 2nd period - Noel Acciari wins face-off versus Nick Suzuki in Hartford Whalers zone.
11:50 of 2nd period - Slapshot by Sean Durzi.
11:50 of 2nd period - Shot Misses the Net.
12:04 of 2nd period - Minor Penalty to Tom Wilson for High sticking.
12:05 of 2nd period - Kevin Fiala wins face-off versus Ryan O'Reilly in Hartford Whalers zone.
12:20 of 2nd period - Minor Penalty to Sean Durzi for Interference.
12:21 of 2nd period - Ryan O'Reilly wins face-off versus Adam Henrique in San Jose Sharks zone.
12:22 of 2nd period - Wrist shot by Matt Duchene.
12:22 of 2nd period - Shot Misses the Net.
12:52 of 2nd period - Snap shot by Nick Suzuki.
12:52 of 2nd period - Stopped by Stuart Skinner with a rebound.
14:00 of 2nd period - Marcus Pettersson is hit by Nick Suzuki.
14:04 of 2nd period - Penalty to Tom Wilson is over, Tom Wilson is back on ice.
14:10 of 2nd period - Yegor Sharangovich is hit by Tom Wilson and loses puck.
14:20 of 2nd period - Penalty to Sean Durzi is over, Sean Durzi is back on ice.
14:32 of 2nd period - Jaden Schwartz is hit by Brandon Tanev and loses puck.
14:57 of 2nd period - Jaden Schwartz is hit by Noel Acciari and loses puck.
15:08 of 2nd period - Charlie McAvoy is hit by Matthew Knies and loses puck.
15:27 of 2nd period - Slapshot by Devon Toews.
15:27 of 2nd period - Shot Hit the Post.
16:16 of 2nd period - Samuel Girard is hit by Matthew Knies and loses puck.
16:33 of 2nd period - Wrist shot by Morgan Frost.
16:33 of 2nd period - Shot Blocked by T.J. Oshie.
16:35 of 2nd period - Slapshot by Kaiden Guhle.
16:35 of 2nd period - Goal by Kaiden Guhle - San Jose Sharks : 3 - Hartford Whalers : 1.
16:36 of 2nd period - Nick Suzuki wins face-off versus Eeli Tolvanen in neutral zone.
16:39 of 2nd period - Wrist shot by Nick Suzuki.
16:39 of 2nd period - Stopped by Stuart Skinner without a rebound.
16:40 of 2nd period - Nick Suzuki wins face-off versus Eeli Tolvanen in San Jose Sharks zone.
16:41 of 2nd period - Backhand shot by Pierre-Luc Dubois.
16:41 of 2nd period - Stopped by Stuart Skinner with a rebound.
16:43 of 2nd period - Snap shot by Tom Wilson.
16:43 of 2nd period - Goal by Tom Wilson - San Jose Sharks : 3 - Hartford Whalers : 2.
16:44 of 2nd period - Joshua Norris wins face-off versus Matthew Knies in neutral zone.
16:48 of 2nd period - Minor Penalty to Eeli Tolvanen for Roughing.
16:49 of 2nd period - Nick Suzuki wins face-off versus Max Domi in San Jose Sharks zone.
16:50 of 2nd period - Slapshot by Matt Duchene.
16:50 of 2nd period - Shot Blocked by Max Domi.
16:52 of 2nd period - Slapshot by Samuel Girard.
16:52 of 2nd period - Deflect By Nick Suzuki.
16:52 of 2nd period - Stopped by Stuart Skinner without a rebound.
16:53 of 2nd period - Nick Suzuki wins face-off versus Max Domi in San Jose Sharks zone.
16:54 of 2nd period - Wrist shot by Matt Duchene.
16:54 of 2nd period - Shot Blocked by Sean Durzi.
16:56 of 2nd period - Slapshot by Devon Toews.
16:56 of 2nd period - Deflect By Sean Durzi.
16:56 of 2nd period - Stopped by Stuart Skinner without a rebound.
16:57 of 2nd period - Max Domi wins face-off versus Nick Suzuki in San Jose Sharks zone.
16:57 of 2nd period - Max Domi is hit by Matt Duchene.
17:31 of 2nd period - Wrist shot by Nick Suzuki.
17:31 of 2nd period - Stopped by Stuart Skinner with a rebound.
18:05 of 2nd period - Wrist shot by Matt Duchene.
18:05 of 2nd period - Goal by Matt Duchene - San Jose Sharks : 3 - Hartford Whalers : 3.
18:06 of 2nd period - Morgan Frost wins face-off versus Matthew Knies in neutral zone.
18:09 of 2nd period - Slapshot by Charlie McAvoy.
18:09 of 2nd period - Stopped by Stuart Skinner without a rebound.
18:10 of 2nd period - Eeli Tolvanen wins face-off versus Morgan Frost in San Jose Sharks zone.
18:41 of 2nd period - Slapshot by T.J. Oshie.
18:41 of 2nd period - Stopped by John Gibson without a rebound.
18:42 of 2nd period - Joshua Norris wins face-off versus Max Domi in Hartford Whalers zone.
18:51 of 2nd period - Snap shot by Joshua Norris.
18:51 of 2nd period - Shot Misses the Net.
18:59 of 2nd period - Snap shot by Max Domi.
18:59 of 2nd period - Deflect By T.J. Oshie.
18:59 of 2nd period - Shot Misses the Net.
18:59 of 2nd period - Puck is out of play.
19:00 of 2nd period - Nick Suzuki wins face-off versus Eeli Tolvanen in Hartford Whalers zone.
19:00 of 2nd period - Nick Suzuki is hit by Eeli Tolvanen.
19:03 of 2nd period - Charlie McAvoy is hit by Eeli Tolvanen and loses puck.
19:26 of 2nd period - Joshua Norris is hit by Brandon Tanev.
19:54 of 2nd period - Snap shot by Matt Duchene.
19:54 of 2nd period - Shot Misses the Net.
19:56 of 2nd period - Slapshot by Matt Duchene.
19:56 of 2nd period - Stopped by Stuart Skinner with a rebound.
19:58 of 2nd period - Wrist shot by Ryan O'Reilly.
19:58 of 2nd period - Shot Blocked by Alec Martinez.
Goals for this period are 1 for San Jose Sharks vs 3 for Hartford Whalers.
Shots for this period are 7 for San Jose Sharks vs 13 for Hartford Whalers.
3rd period
0:01 of 3rd period - Nick Suzuki wins face-off versus Eeli Tolvanen in neutral zone.
0:18 of 3rd period - Matthew Knies is hit by Seth Jones and loses puck.
0:51 of 3rd period - Seth Jones is hit by Sean Durzi and loses puck.
1:08 of 3rd period - Icing by Connor Murphy.
1:09 of 3rd period - Yegor Sharangovich wins face-off versus Nick Suzuki in San Jose Sharks zone.
1:14 of 3rd period - Slapshot by Sean Durzi.
1:14 of 3rd period - Shot Misses the Net.
1:26 of 3rd period - Snap shot by Nick Suzuki.
1:26 of 3rd period - Stopped by Stuart Skinner without a rebound.
1:27 of 3rd period - Joshua Norris wins face-off versus Jonathan Drouin in San Jose Sharks zone.
1:28 of 3rd period - Wrist shot by Anthony Cirelli.
1:28 of 3rd period - Stopped by Stuart Skinner without a rebound.
1:29 of 3rd period - Eeli Tolvanen wins face-off versus Joshua Norris in San Jose Sharks zone.
2:00 of 3rd period - Brandon Tanev is hit by Samuel Girard and loses puck.
2:24 of 3rd period - Snap shot by Tom Wilson.
2:24 of 3rd period - Stopped by Stuart Skinner with a rebound.
2:26 of 3rd period - Slapshot by Pierre-Luc Dubois.
2:26 of 3rd period - Goal by Pierre-Luc Dubois - San Jose Sharks : 3 - Hartford Whalers : 4.
2:27 of 3rd period - Eeli Tolvanen wins face-off versus Joshua Norris in neutral zone.
2:30 of 3rd period - Slapshot by Christopher Tanev.
2:30 of 3rd period - Stopped by John Gibson without a rebound.
2:31 of 3rd period - Joshua Norris wins face-off versus Eeli Tolvanen in Hartford Whalers zone.
2:38 of 3rd period - Slapshot by Charlie McAvoy.
2:38 of 3rd period - Deflect By Jonathan Drouin.
2:38 of 3rd period - Stopped by Stuart Skinner with a rebound.
2:57 of 3rd period - Minor Penalty to Brandon Tanev for Tripping.
2:58 of 3rd period - Max Domi wins face-off versus Ryan O'Reilly in San Jose Sharks zone.
3:12 of 3rd period - Snap shot by Seth Jones.
3:12 of 3rd period - Stopped by Stuart Skinner with a rebound.
3:14 of 3rd period - Snap shot by Tom Wilson.
3:14 of 3rd period - Shot Misses the Net.
3:30 of 3rd period - Marcus Pettersson is hit by Matt Duchene and loses puck.
4:57 of 3rd period - Penalty to Brandon Tanev is over, Brandon Tanev is back on ice.
5:16 of 3rd period - Calle Jarnkrok is hit by Devon Toews and loses puck.
5:47 of 3rd period - Minor Penalty to Max Domi for Holding.
5:48 of 3rd period - Adam Henrique wins face-off versus Nick Suzuki in San Jose Sharks zone.
5:58 of 3rd period - Snap shot by Seth Jones.
5:58 of 3rd period - Stopped by Stuart Skinner with a rebound.
6:00 of 3rd period - Snap shot by Matt Duchene.
6:00 of 3rd period - Stopped by Stuart Skinner without a rebound.
6:01 of 3rd period - Ryan O'Reilly wins face-off versus Adam Henrique in San Jose Sharks zone.
6:02 of 3rd period - Snap shot by Rickard Rakell.
6:02 of 3rd period - Shot Misses the Net.
6:28 of 3rd period - Marcus Pettersson is hit by Nick Suzuki.
6:31 of 3rd period - Off-side.
6:32 of 3rd period - Nick Suzuki wins face-off versus Adam Henrique in neutral zone.
6:45 of 3rd period - Snap shot by Nick Suzuki.
6:45 of 3rd period - Stopped by Stuart Skinner with a rebound.
6:47 of 3rd period - Slapshot by Devon Toews.
6:47 of 3rd period - Goal by Devon Toews - San Jose Sharks : 3 - Hartford Whalers : 5.
6:48 of 3rd period - Ryan O'Reilly wins face-off versus Eeli Tolvanen in neutral zone.
6:51 of 3rd period - Slapshot by Rickard Rakell.
6:51 of 3rd period - Stopped by Stuart Skinner with a rebound.
6:53 of 3rd period - Wrist shot by Matt Duchene.
6:53 of 3rd period - Stopped by Stuart Skinner with a rebound.
6:55 of 3rd period - Snap shot by Matt Duchene.
6:55 of 3rd period - Stopped by Stuart Skinner with a rebound.
6:57 of 3rd period - Slapshot by Charlie McAvoy.
6:57 of 3rd period - Shot Blocked by Connor Murphy.
6:59 of 3rd period - Slapshot by Seth Jones.
6:59 of 3rd period - Stopped by Stuart Skinner without a rebound.
7:00 of 3rd period - Nick Suzuki wins face-off versus Eeli Tolvanen in San Jose Sharks zone.
7:11 of 3rd period - Snap shot by Nick Suzuki.
7:11 of 3rd period - Shot Misses the Net.
7:16 of 3rd period - Off-side.
7:17 of 3rd period - Ryan O'Reilly wins face-off versus Adam Henrique in neutral zone.
7:22 of 3rd period - Wrist shot by Ryan O'Reilly.
7:22 of 3rd period - Goal by Ryan O'Reilly - San Jose Sharks : 3 - Hartford Whalers : 6.
7:23 of 3rd period - Eeli Tolvanen wins face-off versus Ryan O'Reilly in neutral zone.
7:25 of 3rd period - Off-side.
7:26 of 3rd period - Eeli Tolvanen wins face-off versus Ryan O'Reilly in neutral zone.
7:58 of 3rd period - Minor Penalty to Pierre-Luc Dubois for Slashing.
7:59 of 3rd period - Adam Henrique wins face-off versus Ryan O'Reilly in Hartford Whalers zone.
8:09 of 3rd period - Wrist shot by Kevin Fiala.
8:09 of 3rd period - Stopped by John Gibson without a rebound.
8:10 of 3rd period - Eeli Tolvanen wins face-off versus Ryan O'Reilly in Hartford Whalers zone.
8:13 of 3rd period - Snap shot by Eeli Tolvanen.
8:13 of 3rd period - Stopped by John Gibson with a rebound.
9:21 of 3rd period - Seth Jones is hit by Yegor Sharangovich and loses puck.
9:43 of 3rd period - Icing by Brandon Tanev.
9:44 of 3rd period - Adam Henrique wins face-off versus Ryan O'Reilly in San Jose Sharks zone.
9:51 of 3rd period - Devon Toews is hit by T.J. Oshie and loses puck.
9:58 of 3rd period - Penalty to Pierre-Luc Dubois is over, Pierre-Luc Dubois is back on ice.
10:06 of 3rd period - Slapshot by Devon Toews.
10:06 of 3rd period - Shot Blocked by Sean Durzi.
10:12 of 3rd period - Pierre-Luc Dubois is hit by Eeli Tolvanen and loses puck.
10:40 of 3rd period - Ryan O'Reilly is hit by Dmitry Orlov and loses puck.
11:50 of 3rd period - Snap shot by Jonathan Drouin.
11:50 of 3rd period - Shot Blocked by Seth Jones.
12:24 of 3rd period - Snap shot by Joshua Norris.
12:24 of 3rd period - Shot Misses the Net.
12:26 of 3rd period - Slapshot by Kaiden Guhle.
12:26 of 3rd period - Stopped by Stuart Skinner without a rebound.
12:27 of 3rd period - Nick Suzuki wins face-off versus Eeli Tolvanen in San Jose Sharks zone.
12:30 of 3rd period - Wrist shot by Pierre-Luc Dubois.
12:30 of 3rd period - Shot Misses the Net.
12:32 of 3rd period - Wrist shot by Tom Wilson.
12:32 of 3rd period - Shot Blocked by Eeli Tolvanen.
12:34 of 3rd period - Wrist shot by Tom Wilson.
12:34 of 3rd period - Deflect By Nick Suzuki.
12:34 of 3rd period - Shot Blocked by Matthew Knies.
12:34 of 3rd period - Puck is out of play.
12:35 of 3rd period - Nick Suzuki wins face-off versus Eeli Tolvanen in San Jose Sharks zone.
12:40 of 3rd period - Wrist shot by Nick Suzuki.
12:40 of 3rd period - Stopped by Stuart Skinner with a rebound.
12:42 of 3rd period - Slapshot by Tom Wilson.
12:42 of 3rd period - Shot Misses the Net.
12:44 of 3rd period - Snap shot by Pierre-Luc Dubois.
12:44 of 3rd period - Deflect By Nick Suzuki.
12:44 of 3rd period - Shot Blocked by Dmitry Orlov.
12:44 of 3rd period - Puck is out of play.
12:45 of 3rd period - Ryan O'Reilly wins face-off versus Eeli Tolvanen in San Jose Sharks zone.
12:48 of 3rd period - Snap shot by Matt Duchene.
12:48 of 3rd period - Shot Blocked by Christopher Tanev.
12:54 of 3rd period - Charlie McAvoy is hit by Matthew Knies and loses puck.
13:11 of 3rd period - Kevin Fiala is hit by Anthony Cirelli.
13:39 of 3rd period - Pierre-Luc Dubois is hit by Brandon Tanev and loses puck.
14:01 of 3rd period - Slapshot by Eeli Tolvanen.
14:01 of 3rd period - Shot Misses the Net.
14:03 of 3rd period - Snap shot by Eeli Tolvanen.
14:03 of 3rd period - Shot Blocked by Ryan Suter.
15:24 of 3rd period - Wrist shot by Morgan Frost.
15:24 of 3rd period - Stopped by Stuart Skinner with a rebound.
15:37 of 3rd period - Icing by Matt Duchene.
15:38 of 3rd period - T.J. Oshie wins face-off versus Ryan O'Reilly in Hartford Whalers zone.
15:39 of 3rd period - Wrist shot by Max Domi.
15:39 of 3rd period - Shot Misses the Net.
15:41 of 3rd period - Snap shot by T.J. Oshie.
15:41 of 3rd period - Shot Blocked by Seth Jones.
15:43 of 3rd period - Snap shot by Connor Murphy.
15:43 of 3rd period - Shot Misses the Net.
15:45 of 3rd period - Slapshot by Connor Murphy.
15:45 of 3rd period - Deflect By T.J. Oshie.
15:45 of 3rd period - Shot Misses the Net.
15:45 of 3rd period - Puck is out of play.
15:46 of 3rd period - Eeli Tolvanen wins face-off versus Joshua Norris in Hartford Whalers zone.
16:38 of 3rd period - Brandon Tanev is hit by Tom Wilson and loses puck.
17:23 of 3rd period - Wrist shot by Anthony Cirelli.
17:23 of 3rd period - Shot Misses the Net.
17:25 of 3rd period - Wrist shot by Joshua Norris.
17:25 of 3rd period - Stopped by Stuart Skinner without a rebound.
17:26 of 3rd period - Ryan O'Reilly wins face-off versus Adam Henrique in San Jose Sharks zone.
17:30 of 3rd period - Minor Penalty to Kevin Fiala for High sticking.
17:31 of 3rd period - Ryan O'Reilly wins face-off versus Adam Henrique in San Jose Sharks zone.
17:56 of 3rd period - Tom Wilson is hit by Marcus Pettersson and loses puck.
18:48 of 3rd period - Slapshot by Seth Jones.
18:48 of 3rd period - Stopped by Stuart Skinner without a rebound.
18:49 of 3rd period - Nick Suzuki wins face-off versus Adam Henrique in San Jose Sharks zone.
19:23 of 3rd period - Slapshot by Nick Suzuki.
19:23 of 3rd period - Goal by Nick Suzuki - San Jose Sharks : 3 - Hartford Whalers : 7.
19:24 of 3rd period - Joshua Norris wins face-off versus Eeli Tolvanen in neutral zone.
19:29 of 3rd period - Wrist shot by Josh Anderson.
19:29 of 3rd period - Deflect By Joshua Norris.
19:29 of 3rd period - Goal by Joshua Norris - San Jose Sharks : 3 - Hartford Whalers : 8.
19:30 of 3rd period - Eeli Tolvanen wins face-off versus Ryan O'Reilly in neutral zone.
19:59 of 3rd period - Yegor Sharangovich is hit by Pierre-Luc Dubois and loses puck.
Goals for this period are 0 for San Jose Sharks vs 5 for Hartford Whalers.
Shots for this period are 3 for San Jose Sharks vs 22 for Hartford Whalers.
Back to the Top